 Dungeon Crawl Stone Soup version 0.29-a0-845-g6161e89988 (webtiles) character file.

Game seed: 15177977923262714058

58 jimonade the Trooper (level 4, 0/35 HPs)
             Began as a Djinni Fighter on July 15, 2022.
             Slain by Sigmund
             ... wielding a +0 scythe of protection
              (2 damage)
             ... on level 2 of the Dungeon.
             The game lasted 00:02:20 (1881 turns).

jimonade the Trooper (Djinni Fighter)               Turns: 1881, Time: 00:02:21

Health: 0/35       AC:  8    Str: 15    XL:     4   Next: 21%
Gold:   97         EV:  8    Int: 12    God:
                   SH:  4    Dex: 12

rFire   + + .      SeeInvis .   a - +0 long sword
rCold   x . .      Faith    .   c - +0 buckler
rNeg    . . .      Spirit   .   b - +0 scale mail
rPois   ∞          Reflect  .   (no helmet)
rElec   .          Harm     .   (no cloak)
rCorr   .          Rampage  .   l - +0 pair of gloves
Will    .....                   (boots unavailable)
Stlth   ..........              (no amulet)
HPRegen 0.11/turn               (no ring)
MPRegen 0.00/turn               (no ring)

@: flying
A: sickness immunity, fire resistance 2, cold vulnerability 1, float, innate
caster, HP casting, extra vitality 1
a: no special abilities


You were on level 2 of the Dungeon.
You visited 1 branch of the dungeon, and saw 2 of its levels.

You collected 97 gold pieces.

Inventory:

Hand Weapons
 a - a +0 long sword (weapon)
 g - a +0 spear
 j - a +1 whip of holy wrath
Armour
 b - a +0 scale mail (worn)
 c - a +0 buckler (worn)
 l - a +0 pair of gloves (worn)
 n - a +0 leather armour
Scrolls
 f - 3 scrolls of identify {unknown}
 k - a scroll of noise {unknown}
Potions
 d - 2 potions of might
 e - a potion of heal wounds {unknown}
 h - a potion of mutation {unknown}
 i - a potion of lignification {unknown}
 m - 2 potions of resistance {unknown}


   Skills:
 * Level 3.5 Fighting
 + Level 2.5 Long Blades
 + Level 3.2 Armour
 + Level 0.2 Dodging
 + Level 3.1 Shields
 * Level 0.9 Spellcasting


You had 3 spell levels left.
You knew the following spells:

 Your Spells              Type           Power      Damage    Failure   Level
a - Slow                  Hex            8%         N/A       71%         1
Your spell library was empty.

Dungeon Overview and Level Annotations

Branches:
Dungeon (2/15)

Altars:

Annotations:
D:2 Sigmund


Innate Abilities, Weirdness & Mutations

You are immune to sickness and miasma.
You are immune to poison.
Your flesh is very heat resistant. (rF++)
You are vulnerable to cold. (rC-)
You float through the air rather than walking.
You learn spells naturally, not from books.
Your magical power is your life essence.
You have superior vitality. (+4 MHP)


Message History

You completely miss Sigmund.
Sigmund points at you and mumbles some strange words.
The puff of flame hits you. You resist.
You hit Sigmund.
Sigmund is lightly wounded.
Sigmund hits you with a +0 scythe of protection!
You barely miss Sigmund.
Sigmund is lightly wounded.
Sigmund hits you with a +0 scythe of protection!
You hit Sigmund but do no damage.
Sigmund is lightly wounded.
Sigmund gestures at you while chanting. The magic dart hits you!
* * * LOW HITPOINT WARNING * * *
You hit Sigmund but do no damage.
Sigmund is lightly wounded.
Sigmund barely misses you.
You barely miss Sigmund.
Sigmund is lightly wounded.
Sigmund hits you with a +0 scythe of protection.
* * * LOW HITPOINT WARNING * * *
You hit Sigmund.
Sigmund is moderately wounded.
Sigmund hits you with a +0 scythe of protection!
* * * LOW HITPOINT WARNING * * *
You barely miss Sigmund.
Sigmund is moderately wounded.
Sigmund barely misses you.
You barely miss Sigmund.
Sigmund is moderately wounded.
Sigmund hits you but does no damage.
You closely miss Sigmund.
Sigmund is moderately wounded.
Sigmund hits you but does no damage.
You barely miss Sigmund.
Sigmund is moderately wounded.
You closely miss Sigmund.
Sigmund is moderately wounded.
Sigmund hits you with a +0 scythe of protection.
You die...

### #.. #.# ### #.# ###
##.###)#####.....
##.#.##.#......@..
##.###.#.#.###..... #.##
##..@.# .$. ##.###.#.@......#
# #.#######.#.#########.#.#
.....##.....# #.###.
#.##)##.##..# .....
#.##.##.##..### ##...##
##..#.##.##....# ##.....##
.#..#.##.##....## ##.......##
...##.##.###....####.........#


You could see Sigmund.

Vanquished Creatures
  A gnoll (D:1)
  A worm (D:2)
  2 dart slugs (D:2)
  6 ball pythons
  2 endoplasms
  4 giant cockroaches
  7 goblins
  3 hobgoblins (D:1)
  A jackal (D:2)
  3 quokkas
  2 frilled lizards (D:1)
  3 kobolds
  2 rats (D:1)
37 creatures vanquished.

Notes
Turn   | Place    | Note
-------+----------+-------------------------------------------
     0 | D:1      | jimonade the Djinni Fighter began the quest for the Orb.
     0 | D:1      | Reached XP level 1. HP: 20/20 MP: 0/0
    68 | D:1      | Reached XP level 2. HP: 25/25 MP: 0/0
   369 | D:1      | Reached XP level 3. HP: 30/30 MP: 0/0
   369 | D:1      | Learned a level 1 spell: Slow
  1508 | D:2      | Reached XP level 4. HP: 27/35 MP: 0/0
  1858 | D:2      | Noticed Sigmund
  1876 | D:2      | HP: 1/35 [Sigmund/+0 scythe of protection (7)]
  1881 | D:2      | Slain by Sigmund

Illustrated notes

Levels and vault maps discovered:
D:1:      eino_arrival_cavern_b, layout_loops_ring
D:2:      layout_loops_corners, basic_altar,
          chequers_ecumenical_altar_simple_redux, uniq_sigmund, uniq_terence

Skill      XL: |  1  2 |
---------------+-------+-----
Long Blades    | 2 |  2.5
Fighting       | |  3.5
Armour         | |  3.2
Dodging        | |  0.2
Shields        | |  3.1
Spellcasting   | |  0.9

Action                   |  1- 3 |  4- 6 || total
-------------------------+-------+-------++-------
Melee: Long sword        |    82 |    49 ||   131
Armor: Scale mail        |    28 |    20 ||    48
Dodge: Dodged            |    28 |    16 ||    44
Block: Buckler           |    15 |    12 ||    27

Table legend: (Time is in decaauts)
 A = Elapsed time spent in this place.
 B = Non-inter-level travel time spent in this place.
 C = Inter-level travel time spent in this place.
 D = Time resting spent in this place.
 E = Time spent auto-exploring this place.
 F = Levels seen in this place.
 G = Mean time per level.
                   A        B        C        D        E       F      G
               +--------+--------+--------+--------+--------+-----+--------+
         Total |   1923 |   1890 |     33 |    108 |   1420 |   2 |  961.5 |
       Dungeon |   1923 |   1890 |     33 |    108 |   1420 |   2 |  961.5 |
               +--------+--------+--------+--------+--------+-----+--------+

Top non-repeatable levels by time:
     D:1: 1312 daAuts
     D:2: 610 daAuts
